 Dungeon Crawl Stone Soup version 0.23.1 (webtiles) character file.

Game seed: 0

4153 Revguard the Carver (level 10, -11/77 HPs)
             Began as a Demonspawn Gladiator on Mar 3, 2019.
             Was an Initiate of Ashenzari.
             Mangled by a two-headed ogre
             ... wielding a +0 giant club
              (12 damage)
             ... on level 8 of the Dungeon.
             The game lasted 01:12:07 (7881 turns).

Revguard the Carver (Demonspawn Gladiator)          Turns: 7881, Time: 01:12:07

Health: -11/77     AC: 16    Str: 14 (16) XL:     10   Next: 7%
Magic:  0/10       EV:  6    Int:  8 (9)  God:    Ashenzari [......]
Gold:   284        SH:  0    Dex: 18 (19) Spells: 9/9 levels left

rFire    + . .     SeeInvis .   a - +2 long sword (curse)
rCold    + . .     Gourm    .   (no shield)
rNeg     . . .     Faith    .   v - +1 plate armour {rF+} (curse)
rPois    +         Spirit   +   c - +0 helmet
rElec    .         Reflect  .   (no cloak)
rCorr    .         Harm     .   l - +0 pair of gloves (curse)
MR       +....                  (no boots)
Stlth    ..........             (no amulet)
HPRegen  0.22/turn              i - ring of poison resistance
MPRegen  0.12/turn              b - ring of protection from cold

@: no status effects
A: hooves 2, agile 1, deterioration 1, magic resistance 1, powered by death 1,
magic shield
a: Curse Item, Renounce Religion


You were on level 8 of the Dungeon.
You worshipped Ashenzari.
Ashenzari was noncommittal.
You were not hungry.

You visited 2 branches of the dungeon, and saw 9 of its levels.

You collected 614 gold pieces.
You spent 330 gold pieces at shops.

Inventory:

Hand Weapons
 a - a cursed +2 long sword (weapon)
Missiles
 d - 5 throwing nets (quivered)
Armour
 c - a +0 helmet (worn)
 l - a cursed +0 pair of gloves (worn)
 t - a +0 scale mail
 v - a cursed +1 plate armour of fire resistance (worn)
Jewellery
 b - a ring of protection from cold (right hand)
 i - a ring of poison resistance (left hand)
 k - an uncursed ring of resist corrosion
 o - an uncursed ring of attention
 q - an uncursed amulet of guardian spirit
Wands
 r - a wand of clouds (6)
 u - a wand of flame (38)
 w - a wand of disintegration (14)
 A - a wand of iceblast (10)
Scrolls
 h - a scroll of noise
 j - a scroll of amnesia
 m - 3 scrolls of magic mapping
 p - 2 scrolls of teleportation
 s - 2 scrolls of identify
 x - 3 scrolls of blinking
 C - a scroll of remove curse
Comestibles
 f - 12 rations
 g - 3 chunks of flesh


   Skills:
 + Level 6.7 Fighting
 + Level 9.9 Long Blades
 - Level 1.7 Throwing
 + Level 5.5 Armour
 + Level 5.1 Dodging
 - Level 0.1 Stealth
 * Level 0.8 Evocations


You had 9 spell levels left.
You didn't know any spells.
Your spell library was empty.

Dungeon Overview and Level Annotations

Branches:
Dungeon (8/15)             Temple (1/1) D:5
   Lair: D:8-11

Altars:
Ashenzari
Cheibriados
Dithmenos
Elyvilon
Fedhas
Makhleb
Nemelex Xobeh
Ru
Sif Muna
Trog
Uskayaw
Vehumet
Wu Jian
Xom
Zin
The Shining One

Shops:
D:6 }


Innate Abilities, Weirdness & Mutations

You have hoof-like feet.
You regenerate a little health from kills.
When hurt, damage is shared between your health and your magic reserves.
You are agile. (Dex +2)
Your body sometimes deteriorates upon taking damage.
You are resistant to hostile enchantments. (MR+)


Message History

The two-headed ogre is moderately wounded.
Your plate armour prevents you from hitting the two-headed ogre.
You kick the two-headed ogre.
The two-headed ogre is moderately wounded.
The two-headed ogre hits you with a +0 giant club! x2
You aren't carrying any potions.
You hit the two-headed ogre but do no damage.
Your kick misses the two-headed ogre.
The two-headed ogre is moderately wounded.
The two-headed ogre barely misses you.
The two-headed ogre hits you with a +0 giant club!!
* * * LOW HITPOINT WARNING * * *
Your body deteriorates!
You feel weakened.
You hit the two-headed ogre but do no damage.
You kick the two-headed ogre.
The two-headed ogre is moderately wounded.
The two-headed ogre hits you with a +0 giant club!
* * * LOW HITPOINT WARNING * * *
The two-headed ogre hits you with a +0 giant club!
You die...

....#. #...####.####..# #.
#.#.#. #...# #.# #..# ...
.#.#. #...####.####.###.#.
#. #...............#...
#.##..#####.####.......
.#####.#......##.#..........
.......#..##..##.#..###.####
..............##.#..# #.####
##########..O@.....#..#
#.....
...........####......##
###### .....#...### ######.#
... #...# #.# # #...#
#.###### #...# #......# #
#...# #.####.# # #...#
#......# # #...# ######.# #


You could see a two-headed ogre.

Vanquished Creatures
  Pikel (D:7)
  Grinder (D:4)
  A hippogriff (D:8)
  A water moccasin (D:6)
  An orc warrior (D:7)
  A slave (D:7)
  3 ice beasts
  A black bear (D:7)
  2 ogres (D:4)
  A necrophage (D:8)
  2 centaurs (D:6)
  3 bullfrogs
  3 scorpions
  5 killer bees (D:8)
  A howler monkey (D:5)
  3 wights (D:7)
  4 crimson imps
  3 centaur zombies
  5 bullfrog zombies (D:5)
  A hound (D:8)
  A jelly (D:7)
  8 orc priests
  Ijyb (D:4)
  A bullfrog skeleton (D:7)
  3 iguanas
  7 orc wizards
  4 worker ants
  A hound zombie (D:5)
  2 hound skeletons
  3 howler monkey zombies (D:5)
  3 worker ant zombies (D:5)
  8 gnolls
  14 adders
  2 shadow imps (D:5)
  An ooze (D:1)
  2 adder skeletons
  3 adder zombies
  A worm (D:2)
  4 dart slugs
  8 leopard geckos
  33 orcs
  6 ball pythons (D:3)
  9 bats
  5 giant cockroaches
  6 hobgoblins
  14 jackals
  6 kobolds
  A quokka (D:6)
  4 frilled lizards
  2 giant cockroach zombies (D:5)
  6 goblins
  A leopard gecko zombie (D:5)
  3 quokka zombies (D:5)
  3 rats (D:2)
219 creatures vanquished.

Vanquished Creatures (collateral kills)
  3 shadow imps (D:4)
3 creatures vanquished.

Vanquished Creatures (others)
  An orc warrior (D:8)
  An orc (D:7)
2 creatures vanquished.

Grand Total: 224 creatures vanquished

Notes
Turn   | Place    | Note
-------+----------+-------------------------------------------
     0 | D:1      | Revguard the Demonspawn Gladiator began the quest for the
                  | Orb.
     0 | D:1      | Reached XP level 1. HP: 16/16 MP: 1/1
    53 | D:1      | Gained mutation: You regenerate a little health from kills.
                  | [demonic ancestry]
    53 | D:1      | Reached XP level 2. HP: 17/22 MP: 2/2
   427 | D:1      | Reached skill level 3 in Long Blades
   890 | D:2      | Reached XP level 3. HP: 28/28 MP: 3/3
  1152 | D:2      | Gained mutation: You have large cloven feet. [demonic
                  | ancestry]
  1152 | D:2      | Reached XP level 4. HP: 33/34 MP: 4/4
  1182 | D:2      | Reached skill level 4 in Long Blades
  1193 | D:2      | Reached XP level 5. HP: 15/39 MP: 5/5
  1556 | D:2      | Reached skill level 1 in Armour
  1769 | D:3      | Reached skill level 5 in Long Blades
  1772 | D:3      | Gained mutation: When hurt, damage is shared between your
                  | health and your magic reserves. [demonic ancestry]
  1772 | D:3      | Reached XP level 6. HP: 27/47 MP: 6/6
  2438 | D:4      | Reached XP level 7. HP: 15/52 MP: 1/7
  2573 | D:4      | Gained mutation: Your body sometimes deteriorates upon
                  | taking damage. [potion of mutation]
  2573 | D:4      | Gained mutation: You are agile. (Dex +2) [potion of
                  | mutation]
  2573 | D:4      | Gained mutation: You are resistant to hostile enchantments.
                  | (MR+) [potion of mutation]
  2640 | D:4      | Noticed Ijyb
  2657 | D:4      | Killed Ijyb
  2853 | D:4      | Noticed Grinder
  2878 | D:4      | Killed Grinder
  2878 | D:4      | Reached skill level 6 in Long Blades
  3343 | D:4      | Found a transporter.
  3542 | D:4      | Found a transporter.
  3783 | D:5      | Entered Level 5 of the Dungeon
  3834 | D:5      | Reached XP level 8. HP: 52/60 MP: 6/8
  3856 | D:5      | Reached skill level 7 in Long Blades
  4232 | D:5      | Found a staircase to the Ecumenical Temple.
  4611 | D:6      | Found Usorass's Gadget Emporium.
  4622 | D:6      | Bought a phantom mirror for 330 gold pieces
  4885 | D:6      | Reached skill level 8 in Long Blades
  4889 | D:6      | Reached skill level 5 in Fighting
  5150 | D:6      | Reached XP level 9. HP: 52/68 MP: 7/9
  5958 | Temple   | Entered the Ecumenical Temple
  5986 | Temple   | Became a worshipper of Ashenzari the Shackled
  6087 | D:7      | Found a deep blue altar of Sif Muna.
  6092 | D:7      | Noticed Pikel
  6110 | D:7      | Killed Pikel
  6139 | D:7      | Reached skill level 5 in Dodging
  6229 | D:6      | Reached skill level 9 in Long Blades
  6527 | D:7      | Reached skill level 5 in Armour
  6983 | D:7      | Found a white marble altar of Elyvilon.
  7037 | D:7      | Found a bloodstained altar of Trog.
  7285 | D:8      | Found a sparkling altar of Nemelex Xobeh.
  7491 | D:8      | Found a shadowy altar of Dithmenos.
  7750 | D:8      | Gained mutation: You have hoof-like feet. [demonic
                  | ancestry]
  7750 | D:8      | Reached XP level 10. HP: 77/77 MP: 10/10
  7780 | D:8      | Found a radiant altar of Vehumet.
  7864 | D:8      | Noticed a two-headed ogre
  7881 | D:8      | HP: 1/77 [two-headed ogre/+0 giant club (7)]
  7881 | D:8      | Mangled by a two-headed ogre

Skill      XL: |  1  2  3  4  5  6  7  8  9 |
---------------+----------------------------+-----
Dodging        | 3 4 5 |  5.1
Long Blades    | 3 4 5 6 8 9 |  9.9
Armour         | 1 2 3 4 5 |  5.5
Fighting       | 3 4 5 6 |  6.7
Throwing       | |  1.7
Stealth        | |  0.1
Evocations     | |  0.8

Action                   |  1- 3 |  4- 6 |  7- 9 | 10-12 || total
-------------------------+-------+-------+-------+-------++-------
Melee: Long sword        |   103 |   132 |   560 |    27 ||   822
       Kick              |       |    43 |   216 |    12 ||   271
Invok: Curse Item        |       |       |     3 |       ||     3
Evoke: Wand              |       |       |     3 |     2 ||     5
       Phantom mirror    |       |       |     1 |       ||     1
  Use: Scroll            |       |     8 |     7 |       ||    15
       Potion            |       |     3 |    18 |       ||    21
 Stab: Sleeping          |       |     1 |       |       ||     1
       Invisible         |       |       |     9 |       ||     9
  Eat: Chunk             |     1 |     4 |    18 |     1 ||    24
Armor: Leather armour    |    36 |    28 |       |       ||    64
       Scale mail        |       |    20 |   155 |       ||   175
       Ring mail         |       |    17 |       |       ||    17
       Skin              |       |       |    17 |       ||    17
       Plate armour      |       |       |   123 |    19 ||   142
Dodge: Dodged            |    93 |   104 |   342 |    14 ||   553
       Rpst.: Long sword |    30 |    34 |    87 |     1 ||   152
